cohdb
Replays
Latest Replays
All Replays
Popular Replays
Top Player Replays
Match Explorer
How It Works
Community
CoH3 Stats
Reddit
Sign in to upload your games and track your stats! →
Sign in with Steam
Match 41807789
Unlisted
Match 41807789
Overview
Messages
Build Orders
End
Royal Engineer Section
Construct Section Command Post
Dingo Light Scout Car
Infantry Section
Infantry Section
Construct Platoon Command Post
CMP 15cwt Truck
Humber Armored Car
Selects Air and Sea Battlegroup
Selects Commando Section Paradrop
Selects Commando Support Section Paradrop
Commando Support Section Paradrop
Selects Supply Surplus
Construct Field Infirmary
Forward Retreat Point
6-pounder Anti-tank Gun Team
Infantry Training
Unlock M3 Stuart Light Tanks
LuckySpark
MonoChrome
Hasuu
Mao
HulkSMASH
kayman
0
0
Comments
sign in to comment!
No comments posted yet!